Red Wings vs Senateurs

Created - 19 novembre 2021 at 15:50

Goals
1 2 3 OT1 T
Red Wings 1 2 1 1 5
Senateurs 1 0 3 0 4
Shots
1 2 3 OT1 T
Red Wings 14 13 8 1 36
Senateurs 7 11 18 1 37

GoalsPenalties
1st period
1. Red Wings , Nino Niederreiter 4 (Darnell Nurse 8, Max Domi 5) at 3:41
2. Senateurs , Jake Guentzel 3 (Adam Pelech 2, Adam Lowry 1) at 7:05
Jacob Markstrom (OTT) for Delaying the game (Minor) at 7:26 - Brayden McNabb served the penalty.
Scott Laughton (OTT) for Roughing (Minor) at 10:37
2nd period
3. Red Wings , Oliver Ekman-Larsson 1 (Dustin Brown 4, Conor Garland 5) at 14:35 (PP)
4. Red Wings , Sean Walker 2 (Sean Kuraly 2, Zack Kassian 2) at 14:52
Jacob Trouba (OTT) for Hooking (Minor) at 14:11
Brayden McNabb (OTT) for Holding (Minor) at 18:35
Dustin Brown (DET) for Holding (Minor) at 19:24
3rd period
5. Senateurs , Brandon Montour 3 (Mathew Barzal 8, Jake Guentzel 3) at 1:02 (PP)
6. Red Wings , Miles Wood 5 (Conor Garland 6, Darnell Nurse 9) at 3:02
7. Senateurs , Jake Guentzel 4 (Mathew Barzal 9, Filip Hronek 9) at 10:48 (PP)
8. Senateurs , Jake Guentzel 5 (Adam Lowry 2, Michael Bunting 2) at 19:14
Scott Laughton (OTT) for Holding (Minor) at 7:35
Sean Kuraly (DET) for Boarding (Minor) at 7:35
Filip Hronek (OTT) for Holding (Minor) at 8:38
Tyler Bertuzzi (DET) for Hooking (Minor) at 10:26
Darnell Nurse (DET) for Tripping (Minor) at 15:34
Overtime #1
9. Red Wings , Tyler Bertuzzi 7 (Sean Couturier 8, Darnell Nurse 10) at 0:36
No Penalty
Goalie Stats
Calvin Petersen (DET), 33 saves from 37 shots - (0,892), W, 2-2-0, 60:37 minutes
Jacob Markstrom (OTT), 31 saves from 36 shots - (0,861), OTL, 8-2-2, 60:19 minutes
3 StarsOfficial
1 - Jake Guentzel (OTT)
2 - Sean Walker (DET)
3 - Adam Lowry (OTT)
Referees : Kevin Pollock and Ian Walsh
Linesman : Lonnie Cameron and Ryan Galloway
Game Note
Jake Guentzel has scored a Hat Trick!
Finance
Level 1 -- Attendance: 5000 (100,00%) -- Ticket Income 450 000 $
Level 2 -- Attendance: 4000 (100,00%) -- Ticket Income 180 000 $
Level 3 -- Attendance: 2957 (98,57%) -- Ticket Income 76 882 $
Level 4 -- Attendance: 3660 (91,50%) -- Ticket Income 65 880 $
Luxury Box -- Attendance: 963 (96,30%) -- Ticket Income 168 525 $
Game was played at the Centre Canadian Tire.
Total Attendance: 16580 (97,53%)
Total Ticket Income: 941 287 $
Other Income: 461 231 $
Total Income: 1 402 518 $



Team Name Goals Shots Shots Attemp Shots Blocked PIM HIT PP PK FO%
Red Wings 53664138201 / 5 (20%)253%
Senateurs 43781912252 / 3 (67%)147%

Red Wings
Player Name POS G A P +/- PIM HIT SHT SB MP PP MP PP SHT PK MP PK SHT FO% FOT
Conor GarlandLW/RW0221003017:093:2620:00033% 3
Danny DeKeyserD0001000314:470:0000:5300% 0
Darnell NurseD0331224022:222:0040:3100% 0
Derick BrassardC/RW000-1001112:430:0000:00031% 16
Drake CaggiulaC/LW/RW000-1020014:040:0001:2100% 0
Dustin BrownRW011-1201016:083:2500:0000% 1
Jack JohnsonD0001010118:290:0001:5300% 0
Jakob ChychrunD0000003321:352:0001:1400% 0
Max DomiC/LW0111023017:042:3710:00055% 29
Miles WoodLW1011002012:100:0000:0000% 1
Nino NiederreiterLW/RW1011012015:312:3710:0000% 0
Oliver Ekman-LarssonD101-1034423:534:0320:4500% 0
Sean CouturierC0112024019:063:2631:17068% 28
Sean KuralyC0110202011:430:0001:21055% 11
Sean WalkerD1011054119:304:0310:0000% 0
Tomas NosekC/LW0000000011:400:0001:1700% 0
Tyler BertuzziLW/RW1012211017:322:3600:00067% 3
Zack KassianLW/RW0110012010:230:0000:00050% 6
Senateurs
Player Name POS G A P +/- PIM HIT SHT SB MP PP MP PP SHT PK MP PK SHT FO% FOT
Adam LowryC0222040016:090:0004:34047% 19
Adam PelechD0111000118:340:0004:0900% 0
Brandon MontourD1011005019:241:4721:3200% 0
Brayden McNabbD0001221016:460:0001:3800% 0
Brent BurnsD000-4013123:270:5112:5000% 0
Colin WilsonC/LW/RW000000118:260:0002:1500% 0
Filip HronekD0111221017:390:5100:0000% 0
Jacob TroubaD000-3240522:570:0003:4900% 0
Jake GuentzelLW3142014012:541:1920:0000% 0
Josh ArchibaldLW/RW000001007:220:0001:1100% 0
Mathew BarzalC022-1012016:021:1910:00025% 4
Michael BuntingLW/RW0112001011:350:0000:0000% 0
Mika ZibanejadC000-3048120:001:1910:10059% 34
Nate ThompsonC/LW000001008:260:0002:15043% 14
Nathan MacKinnonC/RW000-3027019:501:1900:0000% 1
Nikolaj EhlersLW/RW000-1001016:021:1900:0000% 2
Patrick KaneRW000-2002016:491:1900:00033% 3
Scott LaughtonC/LW000-1421019:051:4712:37043% 21

Red Wings

5 vs 5 Forward
Line #Left WingCenterRight WingPHYDFOFWanted %Time %Time Play
1Miles WoodSean CouturierConor Garland0142625%12:10
2Tyler BertuzziMax DomiNino Niederreiter0142627%12:43
3Drake CaggiulaDerick BrassardDustin Brown1222627%12:43
4Tomas NosekSean KuralyZack Kassian2212222%10:23
5 vs 5 Defense
Line #DefenseDefensePHYDFOFWanted %Time %Time Play
1Darnell NurseJack Johnson1223635%16:36
2Oliver Ekman-LarssonJakob Chychrun1223635%16:37
3Sean WalkerDanny DeKeyser1222829%13:54
4Darnell NurseOliver Ekman-Larsson02302%0:52
Power Play Forward
Line #Left WingCenterRight WingPHYDFOFWanted %Time %Time Play
1Conor GarlandSean CouturierDustin Brown0055057%3:26
2Nino NiederreiterMax DomiTyler Bertuzzi0055043%2:37
Power Play Defense
Line #DefenseDefensePHYDFOFWanted %Time %Time Play
1Darnell NurseJakob Chychrun0145033%2:00
2Oliver Ekman-LarssonSean Walker0145067%4:03
Penalty Kill 4 Players Forward
Line #CenterWingPHYDFOFWanted %Time %Time Play
1Sean CouturierTomas Nosek0415049%1:17
2Sean KuralyDrake Caggiula0415051%1:21
Penalty Kill 4 Players Defense
Line #DefenseDefensePHYDFOFWanted %Time %Time Play
1Darnell NurseJack Johnson0505272%1:53
2Oliver Ekman-LarssonDanny DeKeyser0504828%0:45
Penalty Kill 3 Players
Line #WingPHYDFOFWanted %Time %Time PlayDefenseDefensePHYDFOFWanted %Time %Time Play
1Sean Couturier050500%0:00 Darnell NurseJack Johnson050520%0:00
2Sean Kuraly050500%0:00 Oliver Ekman-LarssonDanny DeKeyser050480%0:00
4 vs 4 Forward
Line #CenterWingPHYDFOFWanted %Time %Time Play
1Sean CouturierTyler Bertuzzi0325048%1:36
2Max DomiConor Garland0235052%1:44
4 vs 4 Defense
Line #DefensePHYDFOFWanted %Time %Time Play
1Darnell NurseOliver Ekman-Larsson0235048%50% - 1:36
2Jakob ChychrunSean Walker1315052%50% - 1:44
Last Minutes Offensive
Left WingCenterRight WingDefenseDefense
Tyler BertuzziSean CouturierDustin BrownDarnell NurseJakob Chychrun
Last Minutes Defensive
Left WingCenterRight WingDefenseDefense
Tomas NosekSean CouturierSean KuralyDarnell NurseJack Johnson
Time
Total ForwardTotal DefenseLast Minutes OffensiveLast Minutes Defensive
60:00 60:00 0:000:00
Extra Forwards
Normal PowerPlayPenalty Kill
Sean Couturier, Tyler Bertuzzi, Conor GarlandNino Niederreiter, Derick BrassardDrake Caggiula
Extra Defensemen
Normal PowerPlayPenalty Kill
Darnell Nurse, Oliver Ekman-Larsson, Jakob ChychrunSean Walker, Jakob ChychrunDarnell Nurse
Penalty Shots
Sean Couturier, Tyler Bertuzzi, Conor Garland, Nino Niederreiter, Miles Wood
Goalie
Calvin Petersen, Jonathan Quick
Custom OT Lines Forwards
Sean Couturier, Tyler Bertuzzi, Conor Garland, Miles Wood, Dustin Brown, Max Domi, Derick Brassard, Drake Caggiula, Zack Kassian, Tomas Nosek
Custom OT Lines Defensemen
Darnell Nurse, Jakob Chychrun, Oliver Ekman-Larsson, Sean Walker, Danny DeKeyser
Scratches
Ondrej Kase (Healthy), Kyle Turris (Healthy), Mason Marchment (Healthy)

Senateurs

5 vs 5 Forward
Line #Left WingCenterRight WingPHYDFOFWanted %Time %Time Play
1Patrick KaneMika ZibanejadNathan MacKinnon0233332%15:30
2Nikolaj EhlersScott LaughtonMathew Barzal0233031%14:43
3Jake GuentzelAdam LowryMichael Bunting0322524%11:35
4Josh ArchibaldNate ThompsonColin Wilson0321213%6:11
5 vs 5 Defense
Line #DefenseDefensePHYDFOFWanted %Time %Time Play
1Brent BurnsJacob Trouba0323334%16:13
2Adam PelechBrandon Montour0412930%14:14
3Brayden McNabbFilip Hronek0412932%15:09
4Brent BurnsJacob Trouba03295%2:23
Power Play Forward
Line #Left WingCenterRight WingPHYDFOFWanted %Time %Time Play
1Patrick KaneMika ZibanejadNathan MacKinnon0055750%1:19
2Nikolaj EhlersMathew BarzalJake Guentzel0144350%1:19
Power Play Defense
Line #DefenseDefensePHYDFOFWanted %Time %Time Play
1Brent BurnsFilip Hronek0055032%0:51
2Scott LaughtonBrandon Montour0145068%1:47
Penalty Kill 4 Players Forward
Line #CenterWingPHYDFOFWanted %Time %Time Play
1Adam LowryScott Laughton1405563%3:48
2Nate ThompsonColin Wilson1404537%2:15
Penalty Kill 4 Players Defense
Line #DefenseDefensePHYDFOFWanted %Time %Time Play
1Adam PelechJacob Trouba1405056%3:23
2Brayden McNabbBrent Burns1405044%2:40
Penalty Kill 3 Players
Line #WingPHYDFOFWanted %Time %Time PlayDefenseDefensePHYDFOFWanted %Time %Time Play
1Mika Zibanejad1405018%0:10 Adam PelechJacob Trouba1405082%0:46
2Adam Lowry1405082%0:46 Brayden McNabbBrent Burns1405018%0:10
4 vs 4 Forward
Line #CenterWingPHYDFOFWanted %Time %Time Play
1Mika ZibanejadNathan MacKinnon11355100%2:24
2Mathew BarzalPatrick Kane113450%0:00
4 vs 4 Defense
Line #DefensePHYDFOFWanted %Time %Time Play
1Brent BurnsJacob Trouba1225023%50% - 0:33
2Filip HronekBrandon Montour1225077%50% - 1:51
Last Minutes Offensive
Left WingCenterRight WingDefenseDefense
Patrick KaneMika ZibanejadNathan MacKinnonBrent BurnsJacob Trouba
Last Minutes Defensive
Left WingCenterRight WingDefenseDefense
Mika ZibanejadAdam LowryScott LaughtonBrayden McNabbJacob Trouba
Time
Total ForwardTotal DefenseLast Minutes OffensiveLast Minutes Defensive
60:00 60:00 0:000:00
Extra Forwards
Normal PowerPlayPenalty Kill
Adam Lowry, Nikolaj Ehlers, Patrick KaneJake Guentzel, Nathan MacKinnonJosh Archibald
Extra Defensemen
Normal PowerPlayPenalty Kill
Adam Pelech, Filip Hronek, Brandon MontourJacob Trouba, Brandon MontourFilip Hronek
Penalty Shots
Patrick Kane, Mathew Barzal, Nathan MacKinnon, Mika Zibanejad, Jake Guentzel
Goalie
Jacob Markstrom, Jaroslav Halak
Custom OT Lines Forwards
Mika Zibanejad, Nathan MacKinnon, Mathew Barzal, Patrick Kane, Scott Laughton, Jake Guentzel, Adam Lowry, Nikolaj Ehlers, Josh Archibald, Nate Thompson
Custom OT Lines Defensemen
Brent Burns, Jacob Trouba, Brandon Montour, Filip Hronek, Adam Pelech
Scratches
Matt Benning (Healthy), Laurent Dauphin (Healthy), Jayce Hawryluk (Healthy)


Play-by-Play

1st period


0:01 of 1st period - Mika Zibanejad wins face-off versus Miles Wood in neutral zone.
0:05 of 1st period - Icing by Darnell Nurse.
0:06 of 1st period - Scott Laughton wins face-off versus Sean Couturier in Red Wings zone.
0:06 of 1st period - Mathew Barzal is hit by Darnell Nurse and loses puck.
1:31 of 1st period - Shot by Adam Lowry.
1:31 of 1st period - Shot Blocked by Oliver Ekman-Larsson.
1:33 of 1st period - Shot by Michael Bunting.
1:33 of 1st period - Stopped by Calvin Petersen without a rebound.
1:34 of 1st period - Mika Zibanejad wins face-off versus Derick Brassard in Red Wings zone.
1:59 of 1st period - Shot by Drake Caggiula.
1:59 of 1st period - Shot Misses the Net.
2:13 of 1st period - Icing by Drake Caggiula.
2:14 of 1st period - Nate Thompson wins face-off versus Derick Brassard in Red Wings zone.
2:14 of 1st period - Nate Thompson is hit by Sean Walker.
2:25 of 1st period - Derick Brassard is hit by Brayden McNabb and loses puck.
2:43 of 1st period - Shot by Josh Archibald.
2:43 of 1st period - Shot Misses the Net.
2:45 of 1st period - Shot by Brayden McNabb.
2:45 of 1st period - Shot Blocked by Oliver Ekman-Larsson.
2:47 of 1st period - Shot by Josh Archibald.
2:47 of 1st period - Shot Blocked by Oliver Ekman-Larsson.
2:49 of 1st period - Shot by Brayden McNabb.
2:49 of 1st period - Stopped by Calvin Petersen with a rebound.
2:51 of 1st period - Shot by Nate Thompson.
2:51 of 1st period - Shot Misses the Net.
3:12 of 1st period - Oliver Ekman-Larsson is hit by Adam Lowry and loses puck.
3:17 of 1st period - Shot by Jake Guentzel.
3:17 of 1st period - Shot Blocked by Jakob Chychrun.
3:19 of 1st period - Shot by Brandon Montour.
3:19 of 1st period - Stopped by Calvin Petersen without a rebound.
3:20 of 1st period - Max Domi wins face-off versus Mika Zibanejad in Red Wings zone.
3:35 of 1st period - Shot by Max Domi.
3:35 of 1st period - Shot Misses the Net.
3:37 of 1st period - Shot by Nino Niederreiter.
3:37 of 1st period - Shot Misses the Net.
3:39 of 1st period - Shot by Darnell Nurse.
3:39 of 1st period - Shot Blocked by Brent Burns.
3:41 of 1st period - Shot by Nino Niederreiter.
3:41 of 1st period - Goal by Nino Niederreiter - Red Wings : 1 - Senateurs : 0.
3:42 of 1st period - Adam Lowry wins face-off versus Conor Garland in neutral zone.
4:47 of 1st period - Shot by Mika Zibanejad.
4:47 of 1st period - Stopped by Calvin Petersen without a rebound.
4:48 of 1st period - Scott Laughton wins face-off versus Derick Brassard in Red Wings zone.
5:03 of 1st period - Brayden McNabb is hit by Drake Caggiula and loses puck.
5:10 of 1st period - Shot by Scott Laughton.
5:10 of 1st period - Shot Blocked by Oliver Ekman-Larsson.
6:01 of 1st period - Jack Johnson is hit by Jacob Trouba and loses puck.
6:49 of 1st period - Shot by Jake Guentzel.
6:49 of 1st period - Shot Misses the Net.
6:51 of 1st period - Shot by Adam Pelech.
6:51 of 1st period - Shot Misses the Net.
7:03 of 1st period - Shot by Jake Guentzel.
7:03 of 1st period - Shot Blocked by Jack Johnson.
7:05 of 1st period - Shot by Jake Guentzel.
7:05 of 1st period - Goal by Jake Guentzel - Red Wings : 1 - Senateurs : 1.
7:06 of 1st period - Max Domi wins face-off versus Scott Laughton in neutral zone.
7:20 of 1st period - Icing by Filip Hronek.
7:21 of 1st period - Conor Garland wins face-off versus Scott Laughton in Senateurs zone.
7:26 of 1st period - Shot by Jakob Chychrun.
7:26 of 1st period - Stopped by Jacob Markstrom without a rebound.
7:26 of 1st period - Minor Penalty to Jacob Markstrom for Delaying the game.
7:27 of 1st period - Sean Couturier wins face-off versus Scott Laughton in Senateurs zone.
7:28 of 1st period - Shot by Oliver Ekman-Larsson.
7:28 of 1st period - Deflect By Sean Couturier.
7:28 of 1st period - Stopped by Jacob Markstrom with a rebound.
7:30 of 1st period - Shot by Sean Couturier.
7:30 of 1st period - Stopped by Jacob Markstrom without a rebound.
7:31 of 1st period - Adam Lowry wins face-off versus Max Domi in Senateurs zone.
7:42 of 1st period - Shot by Oliver Ekman-Larsson.
7:42 of 1st period - Shot Misses the Net.
7:49 of 1st period - Icing by Sean Walker.
7:50 of 1st period - Max Domi wins face-off versus Adam Lowry in Red Wings zone.
7:50 of 1st period - Oliver Ekman-Larsson is hit by Adam Lowry and loses puck.
8:20 of 1st period - Shot by Sean Walker.
8:20 of 1st period - Stopped by Jacob Markstrom with a rebound.
8:22 of 1st period - Shot by Nino Niederreiter.
8:22 of 1st period - Shot Misses the Net.
8:24 of 1st period - Shot by Nino Niederreiter.
8:24 of 1st period - Stopped by Jacob Markstrom without a rebound.
8:25 of 1st period - Nate Thompson wins face-off versus Sean Couturier in Senateurs zone.
8:54 of 1st period - Icing by Darnell Nurse.
8:55 of 1st period - Sean Couturier wins face-off versus Nate Thompson in Red Wings zone.
9:04 of 1st period - Shot by Conor Garland.
9:04 of 1st period - Stopped by Jacob Markstrom without a rebound.
9:05 of 1st period - Nate Thompson wins face-off versus Max Domi in Senateurs zone.
9:27 of 1st period - Max Domi is hit by Brayden McNabb and loses puck.
9:40 of 1st period - Shot by Nathan MacKinnon.
9:40 of 1st period - Shot Misses the Net.
10:29 of 1st period - Darnell Nurse is hit by Jacob Trouba and loses puck.
10:37 of 1st period - Minor Penalty to Scott Laughton for Roughing.
10:38 of 1st period - Sean Couturier wins face-off versus Adam Lowry in Senateurs zone.
11:19 of 1st period - Shot by Sean Couturier.
11:19 of 1st period - Stopped by Jacob Markstrom without a rebound.
11:20 of 1st period - Tyler Bertuzzi wins face-off versus Adam Lowry in Senateurs zone.
11:41 of 1st period - Shot by Jakob Chychrun.
11:41 of 1st period - Shot Blocked by Jacob Trouba.
11:49 of 1st period - Shot by Darnell Nurse.
11:49 of 1st period - Shot Blocked by Adam Pelech.
11:51 of 1st period - Shot by Jakob Chychrun.
11:51 of 1st period - Shot Misses the Net.
11:53 of 1st period - Shot by Darnell Nurse.
11:53 of 1st period - Stopped by Jacob Markstrom without a rebound.
11:54 of 1st period - Sean Couturier wins face-off versus Nate Thompson in Senateurs zone.
12:03 of 1st period - Shot by Oliver Ekman-Larsson.
12:03 of 1st period - Stopped by Jacob Markstrom with a rebound.
12:09 of 1st period - Shot by Oliver Ekman-Larsson.
12:09 of 1st period - Shot Blocked by Colin Wilson.
12:11 of 1st period - Shot by Oliver Ekman-Larsson.
12:11 of 1st period - Shot Misses the Net.
12:13 of 1st period - Shot by Sean Couturier.
12:13 of 1st period - Shot Misses the Net.
12:19 of 1st period - Shot by Conor Garland.
12:19 of 1st period - Stopped by Jacob Markstrom without a rebound.
12:20 of 1st period - Max Domi wins face-off versus Adam Lowry in Senateurs zone.
12:50 of 1st period - Icing by Danny DeKeyser.
12:51 of 1st period - Mika Zibanejad wins face-off versus Zack Kassian in Red Wings zone.
12:58 of 1st period - Shot by Danny DeKeyser.
12:58 of 1st period - Shot Blocked by Jacob Trouba.
13:01 of 1st period - Zack Kassian is hit by Jacob Trouba and loses puck.
13:10 of 1st period - Shot by Zack Kassian.
13:10 of 1st period - Shot Blocked by Mika Zibanejad.
13:12 of 1st period - Shot by Tomas Nosek.
13:12 of 1st period - Deflect By Zack Kassian.
13:12 of 1st period - Stopped by Jacob Markstrom without a rebound.
13:13 of 1st period - Scott Laughton wins face-off versus Max Domi in Senateurs zone.
13:13 of 1st period - Scott Laughton is hit by Nino Niederreiter.
14:22 of 1st period - Jacob Trouba is hit by Jack Johnson and loses puck.
14:56 of 1st period - Sean Walker is hit by Adam Lowry and loses puck.
15:13 of 1st period - Shot by Conor Garland.
15:13 of 1st period - Stopped by Jacob Markstrom without a rebound.
15:14 of 1st period - Mika Zibanejad wins face-off versus Sean Kuraly in Senateurs zone.
15:14 of 1st period - Mika Zibanejad is hit by Zack Kassian.
16:14 of 1st period - Sean Kuraly is hit by Josh Archibald and loses puck.
16:55 of 1st period - Icing by Sean Walker.
16:56 of 1st period - Scott Laughton wins face-off versus Max Domi in Red Wings zone.
18:02 of 1st period - Shot by Patrick Kane.
18:02 of 1st period - Shot Misses the Net.
18:04 of 1st period - Shot by Brandon Montour.
18:04 of 1st period - Stopped by Calvin Petersen without a rebound.
18:05 of 1st period - Adam Lowry wins face-off versus Derick Brassard in Red Wings zone.
18:18 of 1st period - Shot by Adam Lowry.
18:18 of 1st period - Shot Misses the Net.
18:20 of 1st period - Shot by Jake Guentzel.
18:20 of 1st period - Deflect By Michael Bunting.
18:20 of 1st period - Shot Misses the Net.
18:38 of 1st period - Shot by Dustin Brown.
18:38 of 1st period - Shot Misses the Net.
18:58 of 1st period - Drake Caggiula is hit by Jake Guentzel and loses puck.
19:23 of 1st period - Shot by Mika Zibanejad.
19:23 of 1st period - Stopped by Calvin Petersen without a rebound.
19:24 of 1st period - Scott Laughton wins face-off versus Sean Couturier in Red Wings zone.
19:58 of 1st period - Shot by Miles Wood.
19:58 of 1st period - Stopped by Jacob Markstrom without a rebound.
19:59 of 1st period - Max Domi wins face-off versus Mika Zibanejad in Senateurs zone.
Goals for this period are 1 for Red Wings vs 1 for Senateurs.
Shots for this period are 14 for Red Wings vs 7 for Senateurs.

2nd period


0:01 of 2nd period - Mika Zibanejad wins face-off versus Conor Garland in neutral zone.
0:04 of 2nd period - Shot by Nathan MacKinnon.
0:04 of 2nd period - Stopped by Calvin Petersen with a rebound.
0:08 of 2nd period - Shot by Mika Zibanejad.
0:08 of 2nd period - Shot Misses the Net.
0:10 of 2nd period - Shot by Brent Burns.
0:10 of 2nd period - Shot Misses the Net.
0:20 of 2nd period - Shot by Nathan MacKinnon.
0:20 of 2nd period - Stopped by Calvin Petersen with a rebound.
0:22 of 2nd period - Shot by Nathan MacKinnon.
0:22 of 2nd period - Stopped by Calvin Petersen without a rebound.
0:23 of 2nd period - Max Domi wins face-off versus Mathew Barzal in Red Wings zone.
0:52 of 2nd period - Shot by Mathew Barzal.
0:52 of 2nd period - Shot Blocked by Danny DeKeyser.
1:14 of 2nd period - Icing by Danny DeKeyser.
1:15 of 2nd period - Mika Zibanejad wins face-off versus Max Domi in Red Wings zone.
1:26 of 2nd period - Shot by Nathan MacKinnon.
1:26 of 2nd period - Stopped by Calvin Petersen without a rebound.
1:27 of 2nd period - Adam Lowry wins face-off versus Sean Couturier in Red Wings zone.
2:25 of 2nd period - Off-side.
2:26 of 2nd period - Nate Thompson wins face-off versus Derick Brassard in neutral zone.
3:20 of 2nd period - Adam Pelech is hit by Drake Caggiula and loses puck.
3:36 of 2nd period - Icing by Drake Caggiula.
3:37 of 2nd period - Mika Zibanejad wins face-off versus Derick Brassard in Red Wings zone.
3:38 of 2nd period - Shot by Brent Burns.
3:38 of 2nd period - Shot Misses the Net.
3:40 of 2nd period - Shot by Patrick Kane.
3:40 of 2nd period - Shot Misses the Net.
3:42 of 2nd period - Shot by Brent Burns.
3:42 of 2nd period - Stopped by Calvin Petersen without a rebound.
3:43 of 2nd period - Sean Couturier wins face-off versus Patrick Kane in Red Wings zone.
3:50 of 2nd period - Shot by Miles Wood.
3:50 of 2nd period - Shot Misses the Net.
3:52 of 2nd period - Shot by Sean Couturier.
3:52 of 2nd period - Stopped by Jacob Markstrom without a rebound.
3:53 of 2nd period - Scott Laughton wins face-off versus Max Domi in Senateurs zone.
4:11 of 2nd period - Scott Laughton is hit by Oliver Ekman-Larsson and loses puck.
4:37 of 2nd period - Icing by Brent Burns.
4:38 of 2nd period - Sean Couturier wins face-off versus Scott Laughton in Senateurs zone.
4:46 of 2nd period - Icing by Brent Burns.
4:47 of 2nd period - Sean Couturier wins face-off versus Nikolaj Ehlers in Senateurs zone.
5:14 of 2nd period - Icing by Brent Burns.
5:15 of 2nd period - Scott Laughton wins face-off versus Derick Brassard in Senateurs zone.
5:29 of 2nd period - Off-side.
5:30 of 2nd period - Mika Zibanejad wins face-off versus Max Domi in neutral zone.
6:03 of 2nd period - Shot by Patrick Kane.
6:03 of 2nd period - Stopped by Calvin Petersen without a rebound.
6:04 of 2nd period - Sean Couturier wins face-off versus Adam Lowry in Red Wings zone.
6:46 of 2nd period - Shot by Jakob Chychrun.
6:46 of 2nd period - Stopped by Jacob Markstrom without a rebound.
6:47 of 2nd period - Mika Zibanejad wins face-off versus Derick Brassard in Senateurs zone.
7:01 of 2nd period - Derick Brassard is hit by Brent Burns and loses puck.
7:10 of 2nd period - Shot by Mika Zibanejad.
7:10 of 2nd period - Stopped by Calvin Petersen without a rebound.
7:11 of 2nd period - Tyler Bertuzzi wins face-off versus Nate Thompson in Red Wings zone.
7:53 of 2nd period - Josh Archibald is hit by Sean Walker and loses puck.
8:37 of 2nd period - Shot by Dustin Brown.
8:37 of 2nd period - Stopped by Jacob Markstrom without a rebound.
8:38 of 2nd period - Sean Couturier wins face-off versus Adam Lowry in Senateurs zone.
8:46 of 2nd period - Icing by Filip Hronek.
8:47 of 2nd period - Adam Lowry wins face-off versus Sean Couturier in Senateurs zone.
9:04 of 2nd period - Shot by Jake Guentzel.
9:04 of 2nd period - Shot Misses the Net.
9:30 of 2nd period - Shot by Adam Lowry.
9:30 of 2nd period - Shot Misses the Net.
10:00 of 2nd period - Shot by Oliver Ekman-Larsson.
10:00 of 2nd period - Stopped by Jacob Markstrom without a rebound.
10:01 of 2nd period - Sean Kuraly wins face-off versus Scott Laughton in Senateurs zone.
10:31 of 2nd period - Icing by Mathew Barzal.
10:32 of 2nd period - Derick Brassard wins face-off versus Mathew Barzal in Senateurs zone.
10:33 of 2nd period - Shot by Oliver Ekman-Larsson.
10:33 of 2nd period - Stopped by Jacob Markstrom without a rebound.
10:34 of 2nd period - Mika Zibanejad wins face-off versus Derick Brassard in Senateurs zone.
10:56 of 2nd period - Icing by Drake Caggiula.
10:57 of 2nd period - Derick Brassard wins face-off versus Nikolaj Ehlers in Red Wings zone.
11:01 of 2nd period - Oliver Ekman-Larsson is hit by Scott Laughton and loses puck.
11:31 of 2nd period - Icing by Oliver Ekman-Larsson.
11:32 of 2nd period - Mika Zibanejad wins face-off versus Derick Brassard in Red Wings zone.
11:54 of 2nd period - Icing by Nathan MacKinnon.
11:55 of 2nd period - Max Domi wins face-off versus Mika Zibanejad in Senateurs zone.
12:26 of 2nd period - Shot by Nathan MacKinnon.
12:26 of 2nd period - Shot Misses the Net.
13:53 of 2nd period - Shot by Nikolaj Ehlers.
13:53 of 2nd period - Shot Blocked by Jakob Chychrun.
13:56 of 2nd period - Icing by Oliver Ekman-Larsson.
13:57 of 2nd period - Nate Thompson wins face-off versus Sean Kuraly in Red Wings zone.
14:04 of 2nd period - Shot by Sean Kuraly.
14:04 of 2nd period - Shot Misses the Net.
14:11 of 2nd period - Minor Penalty to Jacob Trouba for Hooking.
14:12 of 2nd period - Adam Lowry wins face-off versus Sean Couturier in Senateurs zone.
14:33 of 2nd period - Shot by Dustin Brown.
14:33 of 2nd period - Shot Misses the Net.
14:35 of 2nd period - Shot by Oliver Ekman-Larsson.
14:35 of 2nd period - Goal by Oliver Ekman-Larsson - Red Wings : 2 - Senateurs : 1.
14:36 of 2nd period - Zack Kassian wins face-off versus Patrick Kane in neutral zone.
14:36 of 2nd period - Zack Kassian is hit by Mika Zibanejad.
14:50 of 2nd period - Shot by Sean Kuraly.
14:50 of 2nd period - Stopped by Jacob Markstrom with a rebound.
14:52 of 2nd period - Shot by Sean Walker.
14:52 of 2nd period - Goal by Sean Walker - Red Wings : 3 - Senateurs : 1.
14:53 of 2nd period - Nate Thompson wins face-off versus Sean Couturier in neutral zone.
15:41 of 2nd period - Icing by Brayden McNabb.
15:42 of 2nd period - Derick Brassard wins face-off versus Nate Thompson in Senateurs zone.
15:43 of 2nd period - Shot by Drake Caggiula.
15:43 of 2nd period - Deflect By Derick Brassard.
15:43 of 2nd period - Stopped by Jacob Markstrom without a rebound.
15:44 of 2nd period - Derick Brassard wins face-off versus Mika Zibanejad in Senateurs zone.
15:44 of 2nd period - Sean Walker is hit by Jacob Trouba and loses puck.
16:02 of 2nd period - Mika Zibanejad is hit by Sean Walker and loses puck.
16:10 of 2nd period - Nathan MacKinnon is hit by Sean Walker and loses puck.
16:13 of 2nd period - Shot by Nathan MacKinnon.
16:13 of 2nd period - Stopped by Calvin Petersen without a rebound.
16:14 of 2nd period - Sean Kuraly wins face-off versus Scott Laughton in Red Wings zone.
17:03 of 2nd period - Icing by Darnell Nurse.
17:04 of 2nd period - Zack Kassian wins face-off versus Nathan MacKinnon in Red Wings zone.
17:04 of 2nd period - Zack Kassian is hit by Mika Zibanejad.
17:07 of 2nd period - Icing by Darnell Nurse.
17:08 of 2nd period - Sean Kuraly wins face-off versus Mika Zibanejad in Red Wings zone.
17:08 of 2nd period - Sean Kuraly is hit by Mika Zibanejad.
17:24 of 2nd period - Shot by Mika Zibanejad.
17:24 of 2nd period - Stopped by Calvin Petersen without a rebound.
17:25 of 2nd period - Sean Couturier wins face-off versus Adam Lowry in Red Wings zone.
18:35 of 2nd period - Minor Penalty to Brayden McNabb for Holding.
18:36 of 2nd period - Max Domi wins face-off versus Nate Thompson in Senateurs zone.
18:37 of 2nd period - Shot by Darnell Nurse.
18:37 of 2nd period - Stopped by Jacob Markstrom without a rebound.
18:38 of 2nd period - Max Domi wins face-off versus Nate Thompson in Senateurs zone.
18:51 of 2nd period - Shot by Darnell Nurse.
18:51 of 2nd period - Stopped by Jacob Markstrom without a rebound.
18:52 of 2nd period - Adam Lowry wins face-off versus Max Domi in Senateurs zone.
19:03 of 2nd period - Shot by Darnell Nurse.
19:03 of 2nd period - Stopped by Jacob Markstrom without a rebound.
19:04 of 2nd period - Sean Couturier wins face-off versus Nate Thompson in Senateurs zone.
19:07 of 2nd period - Shot by Sean Walker.
19:07 of 2nd period - Shot Misses the Net.
19:09 of 2nd period - Shot by Sean Walker.
19:09 of 2nd period - Shot Misses the Net.
19:11 of 2nd period - Shot by Sean Couturier.
19:11 of 2nd period - Shot Blocked by Jacob Trouba.
19:24 of 2nd period - Minor Penalty to Dustin Brown for Holding.
19:25 of 2nd period - Mika Zibanejad wins face-off versus Sean Couturier in Red Wings zone.
19:28 of 2nd period - Shot by Nathan MacKinnon.
19:28 of 2nd period - Deflect By Mika Zibanejad.
19:28 of 2nd period - Stopped by Calvin Petersen with a rebound.
19:30 of 2nd period - Shot by Mika Zibanejad.
19:30 of 2nd period - Shot Hit the Post.
19:32 of 2nd period - Shot by Filip Hronek.
19:32 of 2nd period - Stopped by Calvin Petersen without a rebound.
19:33 of 2nd period - Mika Zibanejad wins face-off versus Max Domi in Red Wings zone.
19:44 of 2nd period - Shot by Max Domi.
19:44 of 2nd period - Stopped by Jacob Markstrom without a rebound.
19:45 of 2nd period - Mika Zibanejad wins face-off versus Tyler Bertuzzi in Senateurs zone.
19:45 of 2nd period - Mika Zibanejad is hit by Sean Couturier.
Goals for this period are 2 for Red Wings vs 0 for Senateurs.
Shots for this period are 13 for Red Wings vs 11 for Senateurs.

3rd period


0:01 of 3rd period - Max Domi wins face-off versus Mika Zibanejad in neutral zone.
0:20 of 3rd period - Shot by Conor Garland.
0:20 of 3rd period - Deflect By Max Domi.
0:20 of 3rd period - Stopped by Jacob Markstrom without a rebound.
0:21 of 3rd period - Sean Couturier wins face-off versus Mika Zibanejad in Senateurs zone.
0:34 of 3rd period - Shot by Oliver Ekman-Larsson.
0:34 of 3rd period - Shot Misses the Net.
1:02 of 3rd period - Shot by Brandon Montour.
1:02 of 3rd period - Goal by Brandon Montour - Red Wings : 3 - Senateurs : 2.
1:03 of 3rd period - Max Domi wins face-off versus Nate Thompson in neutral zone.
1:10 of 3rd period - Shot by Max Domi.
1:10 of 3rd period - Shot Misses the Net.
1:20 of 3rd period - Shot by Colin Wilson.
1:20 of 3rd period - Stopped by Calvin Petersen with a rebound.
1:22 of 3rd period - Shot by Colin Wilson.
1:22 of 3rd period - Shot Misses the Net.
1:32 of 3rd period - Shot by Nate Thompson.
1:32 of 3rd period - Shot Blocked by Sean Walker.
1:34 of 3rd period - Shot by Brent Burns.
1:34 of 3rd period - Stopped by Calvin Petersen without a rebound.
1:35 of 3rd period - Mika Zibanejad wins face-off versus Derick Brassard in Red Wings zone.
1:40 of 3rd period - Shot by Nathan MacKinnon.
1:40 of 3rd period - Stopped by Calvin Petersen with a rebound.
1:52 of 3rd period - Shot by Mika Zibanejad.
1:52 of 3rd period - Shot Misses the Net.
1:56 of 3rd period - Shot by Patrick Kane.
1:56 of 3rd period - Shot Blocked by Jakob Chychrun.
1:58 of 3rd period - Shot by Nathan MacKinnon.
1:58 of 3rd period - Shot Blocked by Derick Brassard.
2:00 of 3rd period - Shot by Brayden McNabb.
2:00 of 3rd period - Shot Misses the Net.
2:17 of 3rd period - Brayden McNabb is hit by Oliver Ekman-Larsson and loses puck.
2:45 of 3rd period - Brent Burns is hit by Darnell Nurse and loses puck.
3:00 of 3rd period - Shot by Conor Garland.
3:00 of 3rd period - Shot Misses the Net.
3:02 of 3rd period - Shot by Miles Wood.
3:02 of 3rd period - Goal by Miles Wood - Red Wings : 4 - Senateurs : 2.
3:03 of 3rd period - Max Domi wins face-off versus Adam Lowry in neutral zone.
3:08 of 3rd period - Shot by Sean Walker.
3:08 of 3rd period - Stopped by Jacob Markstrom without a rebound.
3:09 of 3rd period - Max Domi wins face-off versus Adam Lowry in Senateurs zone.
3:10 of 3rd period - Shot by Sean Walker.
3:10 of 3rd period - Stopped by Jacob Markstrom without a rebound.
3:11 of 3rd period - Adam Lowry wins face-off versus Max Domi in Senateurs zone.
3:32 of 3rd period - Off-side.
3:33 of 3rd period - Sean Couturier wins face-off versus Mika Zibanejad in neutral zone.
3:44 of 3rd period - Shot by Jakob Chychrun.
3:44 of 3rd period - Stopped by Jacob Markstrom with a rebound.
3:54 of 3rd period - Adam Pelech is hit by Sean Couturier and loses puck.
4:00 of 3rd period - Off-side.
4:01 of 3rd period - Sean Kuraly wins face-off versus Scott Laughton in neutral zone.
4:16 of 3rd period - Shot by Zack Kassian.
4:16 of 3rd period - Stopped by Jacob Markstrom with a rebound.
4:32 of 3rd period - Shot by Zack Kassian.
4:32 of 3rd period - Shot Blocked by Jacob Trouba.
4:34 of 3rd period - Shot by Sean Kuraly.
4:34 of 3rd period - Stopped by Jacob Markstrom without a rebound.
4:35 of 3rd period - Mika Zibanejad wins face-off versus Max Domi in Senateurs zone.
5:12 of 3rd period - Brandon Montour is hit by Tyler Bertuzzi.
5:16 of 3rd period - Oliver Ekman-Larsson is hit by Nathan MacKinnon and loses puck.
5:46 of 3rd period - Shot by Jake Guentzel.
5:46 of 3rd period - Shot Misses the Net.
6:00 of 3rd period - Shot by Dustin Brown.
6:00 of 3rd period - Shot Misses the Net.
6:04 of 3rd period - Shot by Derick Brassard.
6:04 of 3rd period - Shot Blocked by Jacob Trouba.
6:28 of 3rd period - Shot by Miles Wood.
6:28 of 3rd period - Shot Misses the Net.
6:31 of 3rd period - Icing by Brayden McNabb.
6:32 of 3rd period - Sean Couturier wins face-off versus Scott Laughton in Senateurs zone.
6:34 of 3rd period - Conor Garland is hit by Filip Hronek and loses puck.
6:48 of 3rd period - Icing by Sean Couturier.
6:49 of 3rd period - Mika Zibanejad wins face-off versus Sean Couturier in Red Wings zone.
6:56 of 3rd period - Shot by Mika Zibanejad.
6:56 of 3rd period - Shot Misses the Net.
6:58 of 3rd period - Shot by Brandon Montour.
6:58 of 3rd period - Deflect By Patrick Kane.
6:58 of 3rd period - Shot Misses the Net.
7:00 of 3rd period - Shot by Nathan MacKinnon.
7:00 of 3rd period - Shot Misses the Net.
7:04 of 3rd period - Shot by Patrick Kane.
7:04 of 3rd period - Stopped by Calvin Petersen without a rebound.
7:05 of 3rd period - Scott Laughton wins face-off versus Zack Kassian in Red Wings zone.
7:35 of 3rd period - Minor Penalty to Scott Laughton for Holding.
7:35 of 3rd period - Minor Penalty to Sean Kuraly for Boarding.
7:36 of 3rd period - Mika Zibanejad wins face-off versus Max Domi in neutral zone.
7:39 of 3rd period - Sean Walker is hit by Mika Zibanejad and loses puck.
7:49 of 3rd period - Sean Walker is hit by Nathan MacKinnon and loses puck.
8:38 of 3rd period - Minor Penalty to Filip Hronek for Holding.
8:39 of 3rd period - Sean Couturier wins face-off versus Adam Lowry in Senateurs zone.
9:36 of 3rd period - Shot by Max Domi.
9:36 of 3rd period - Stopped by Jacob Markstrom without a rebound.
9:37 of 3rd period - Adam Lowry wins face-off versus Dustin Brown in Senateurs zone.
10:12 of 3rd period - Sean Walker is hit by Adam Lowry and loses puck.
10:26 of 3rd period - Minor Penalty to Tyler Bertuzzi for Hooking.
10:27 of 3rd period - Max Domi wins face-off versus Mika Zibanejad in Red Wings zone.
10:33 of 3rd period - Nathan MacKinnon is hit by Max Domi and loses puck.
10:48 of 3rd period - Shot by Jake Guentzel.
10:48 of 3rd period - Goal by Jake Guentzel - Red Wings : 4 - Senateurs : 3.
10:49 of 3rd period - Max Domi wins face-off versus Mika Zibanejad in neutral zone.
10:51 of 3rd period - Jack Johnson is hit by Filip Hronek and loses puck.
11:31 of 3rd period - Icing by Jack Johnson.
11:32 of 3rd period - Max Domi wins face-off versus Scott Laughton in Red Wings zone.
11:36 of 3rd period - Off-side.
11:37 of 3rd period - Derick Brassard wins face-off versus Scott Laughton in neutral zone.
12:17 of 3rd period - Shot by Mathew Barzal.
12:17 of 3rd period - Stopped by Calvin Petersen with a rebound.
12:21 of 3rd period - Shot by Nikolaj Ehlers.
12:21 of 3rd period - Stopped by Calvin Petersen without a rebound.
12:22 of 3rd period - Sean Couturier wins face-off versus Mika Zibanejad in Red Wings zone.
12:54 of 3rd period - Icing by Brandon Montour.
12:55 of 3rd period - Patrick Kane wins face-off versus Zack Kassian in Senateurs zone.
13:12 of 3rd period - Shot by Nathan MacKinnon.
13:12 of 3rd period - Stopped by Calvin Petersen with a rebound.
13:53 of 3rd period - Jake Guentzel is hit by Sean Walker.
14:14 of 3rd period - Off-side.
14:15 of 3rd period - Sean Couturier wins face-off versus Scott Laughton in neutral zone.
14:15 of 3rd period - Oliver Ekman-Larsson is hit by Scott Laughton and loses puck.
15:12 of 3rd period - Icing by Adam Pelech.
15:13 of 3rd period - Mika Zibanejad wins face-off versus Max Domi in Senateurs zone.
15:13 of 3rd period - Mika Zibanejad is hit by Max Domi.
15:19 of 3rd period - Shot by Mika Zibanejad.
15:19 of 3rd period - Stopped by Calvin Petersen with a rebound.
15:21 of 3rd period - Shot by Mika Zibanejad.
15:21 of 3rd period - Shot Misses the Net.
15:34 of 3rd period - Minor Penalty to Darnell Nurse for Tripping.
15:35 of 3rd period - Mathew Barzal wins face-off versus Sean Kuraly in Red Wings zone.
15:40 of 3rd period - Shot by Brent Burns.
15:40 of 3rd period - Stopped by Calvin Petersen with a rebound.
15:42 of 3rd period - Shot by Jake Guentzel.
15:42 of 3rd period - Stopped by Calvin Petersen without a rebound.
15:43 of 3rd period - Mika Zibanejad wins face-off versus Sean Kuraly in Red Wings zone.
16:13 of 3rd period - Shot by Mika Zibanejad.
16:13 of 3rd period - Stopped by Calvin Petersen without a rebound.
16:14 of 3rd period - Sean Kuraly wins face-off versus Mathew Barzal in Red Wings zone.
16:25 of 3rd period - Sean Couturier is hit by Mathew Barzal and loses puck.
16:36 of 3rd period - Shot by Jake Guentzel.
16:36 of 3rd period - Shot Hit the Post.
16:38 of 3rd period - Shot by Brent Burns.
16:38 of 3rd period - Deflect By Mathew Barzal.
16:38 of 3rd period - Stopped by Calvin Petersen without a rebound.
16:39 of 3rd period - Sean Kuraly wins face-off versus Mika Zibanejad in Red Wings zone.
16:48 of 3rd period - Shot by Scott Laughton.
16:48 of 3rd period - Stopped by Calvin Petersen with a rebound.
17:14 of 3rd period - Shot by Brandon Montour.
17:14 of 3rd period - Stopped by Calvin Petersen with a rebound.
17:22 of 3rd period - Shot by Patrick Kane.
17:22 of 3rd period - Shot Misses the Net.
17:43 of 3rd period - Max Domi is hit by Nate Thompson and loses puck.
18:00 of 3rd period - Shot by Colin Wilson.
18:00 of 3rd period - Shot Blocked by Danny DeKeyser.
18:04 of 3rd period - Shot by Josh Archibald.
18:04 of 3rd period - Shot Misses the Net.
18:53 of 3rd period - Filip Hronek is hit by Oliver Ekman-Larsson and loses puck.
18:56 of 3rd period - Senateurs, Jacob Markstrom is pulled from the net.
19:08 of 3rd period - Shot by Jake Guentzel.
19:08 of 3rd period - Shot Misses the Net.
19:10 of 3rd period - Shot by Michael Bunting.
19:10 of 3rd period - Shot Misses the Net.
19:12 of 3rd period - Shot by Adam Lowry.
19:12 of 3rd period - Shot Misses the Net.
19:14 of 3rd period - Shot by Jake Guentzel.
19:14 of 3rd period - Goal by Jake Guentzel - Red Wings : 4 - Senateurs : 4.
19:14 of 3rd period - Jacob Markstrom from Senateurs was sent back in the game.
19:15 of 3rd period - Scott Laughton wins face-off versus Sean Kuraly in neutral zone.
19:18 of 3rd period - Shot by Brandon Montour.
19:18 of 3rd period - Stopped by Calvin Petersen without a rebound.
19:19 of 3rd period - Zack Kassian wins face-off versus Scott Laughton in Red Wings zone.
19:32 of 3rd period - Shot by Nikolaj Ehlers.
19:32 of 3rd period - Shot Misses the Net.
19:58 of 3rd period - Shot by Nikolaj Ehlers.
19:58 of 3rd period - Shot Blocked by Danny DeKeyser.
Goals for this period are 1 for Red Wings vs 3 for Senateurs.
Shots for this period are 8 for Red Wings vs 18 for Senateurs.

Overtime #1


0:01 of 1st overtime period - Sean Couturier wins face-off versus Mika Zibanejad in neutral zone.
0:14 of 1st overtime period - Shot by Mika Zibanejad.
0:14 of 1st overtime period - Stopped by Calvin Petersen without a rebound.
0:15 of 1st overtime period - Sean Couturier wins face-off versus Mika Zibanejad in Red Wings zone.
0:36 of 1st overtime period - Shot by Tyler Bertuzzi.
0:36 of 1st overtime period - Goal by Tyler Bertuzzi - Red Wings : 5 - Senateurs : 4.
Goals for this period are 1 for Red Wings vs 0 for Senateurs.
Shots for this period are 1 for Red Wings vs 1 for Senateurs.




Output by the SimonT Hockey Simulator (STHS) for Eric Henault - Original Page W3C HTML5 Valid
Hockey Simulator - Hockey Simulation - Hockey Manager